 Dungeon Crawl Stone Soup version 0.29.1 (webtiles) character file.

Game seed: 1398833645963775486

710 masschaos23 the Covert (level 7, -10/45 HPs)
             Began as an Octopode Brigand on Sept 13, 2022.
             Mangled by an ice beast (14 damage)
             ... on level 5 of the Dungeon.
             The game lasted 00:20:09 (4470 turns).

masschaos23 the Covert (Octopode Brigand)           Turns: 4470, Time: 00:20:10

Health: -10/45     AC:  1    Str: 11    XL:     7   Next: 68%
Magic:  16/16      EV: 13    Int: 13    God:
Gold:   260        SH:  0    Dex: 15    Spells: 6/6 levels left

rFire   . . .      SeeInvis +   j - +2 dagger "Enea" {vamp, Stlth+}
rCold   . . .      Faith    .   (no shield)
rNeg    . . .      Spirit   .   (helmet restricted)
rPois   .          Reflect  .   (no amulet)
rElec   .          Harm     .   r - ring of resist corrosion
rCorr   +          Rampage  .   w - ring of willpower
Will    +....                   E - ring of magical power
Stlth   ++++++....              F - ring of see invisible
HPRegen 0.15/turn               (no ring)
MPRegen 0.15/turn               (no ring)
                                (no ring)
                                (no ring)

@: no status effects
A: almost no armour, amphibious, 8 rings, camouflage 1, gelatinous body 1,
(nimble swimmer 1), tentacles
a: no special abilities


You were on level 5 of the Dungeon.
You visited 1 branch of the dungeon, and saw 5 of its levels.
You also visited: Sewer.

You collected 260 gold pieces.

Inventory:

Hand Weapons
 a - a +2 dagger
 i - a +0 arbalest
 j - the +2 dagger "Enea" (weapon) {vamp, Stlth+}
   (You found it on level 2 of the Dungeon)

   It occasionally heals its wielder for a portion of the damage dealt when it
   wounds a living foe.
   Stlth:     It makes you more stealthy.
 m - a +1 short sword of protection
 x - a +0 dagger of electrocution
 y - the +11 mace of Doom {freeze, Fly Will+ Str+2 Stlth+}
   (You found it on level 3 of the Dungeon)

   It freezes those it strikes, dealing additional cold damage.
   It can also slow down cold-blooded creatures.
   Str:       It affects your strength (+2).
   Fly:       It grants you flight.
   Will:      It increases your willpower.
   Stlth:     It makes you more stealthy.
Missiles
 b - 16 poisoned darts (quivered)
 c - 2 curare-tipped darts
Armour
 G - a scarf of harm
 H - a +1 ring mail of cold resistance
Jewellery
 r - a ring of resist corrosion (left tentacle)
 w - a ring of willpower (right tentacle)
 E - a ring of magical power (on tentacle)
 F - a ring of see invisible (on tentacle)
Scrolls
 d - 3 scrolls of magic mapping {unknown}
 g - 2 scrolls of enchant weapon {unknown}
 k - a scroll of identify
 l - 2 scrolls of blinking {unknown}
 n - a scroll of amnesia {unknown}
 o - 2 scrolls of fear {unknown}
 s - 2 scrolls of brand weapon {unknown}
 t - a scroll of acquirement {unknown}
 v - a scroll of summoning {unknown}
 z - 3 scrolls of immolation {unknown}
 A - a scroll of butterflies {unknown}
 B - a scroll of noise {unknown}
 C - 2 scrolls of poison {unknown}
 D - a scroll of torment {unknown}
Potions
 e - a potion of ambrosia {unknown}
 f - 2 potions of attraction
 p - a potion of haste {unknown}
 q - a potion of berserk rage {unknown}
 u - a potion of brilliance {unknown}


   Skills:
 + Level 2.9 Fighting
 + Level 3.7 Short Blades
 + Level 2.6 Maces & Flails
 + Level 3.1 Throwing
 + Level 2.1 Dodging
 + Level 9.7 Stealth


You had 6 spell levels left.
You didn't know any spells.
Your spell library contained the following spells:

 Spells                   Type           Power      Damage    Failure   Level
 Foxfire                  Conj/Fire      0%         2x1d4     30%         1
 Sting                    Tmut/Pois      0%         1d3       30%         1
 Poisonous Vapours        Pois/Air       0%         N/A       43%         2
 Conjure Flame            Conj/Fire      0%         6-21      67%         3
 Inner Flame              Hex/Fire       0%         N/A       67%         3
 Flame Wave               Conj/Fire      0%         2d4       97%         4
 Olgreb's Toxic Radiance  Pois           0%         N/A       97%         4


Dungeon Overview and Level Annotations

Branches:
Dungeon (5/15)              Sewer (visited)
 Temple: D:4-7

Altars:
Wu Jian

Shops:
D:5 *(


Innate Abilities, Weirdness & Mutations

You cannot wear most types of armour.
You are amphibious.
You can wear up to eight rings at the same time.
Your skin changes colour to match your surroundings (Stealth+).
Your rubbery body absorbs attacks. (AC +1, EV +1)
((You are camouflaged when in or above water. (Stealth+)))
You have tentacles for arms and can constrict up to eight enemies at once.


Message History

You now have 260 gold pieces (gained 14).
An ice beast comes into view.
Found Lajiha's Assorted Antiques.
You hear the slow hiss of a very distant avalanche of sand.
b - 17 poisoned darts (gained 1)
You see here 13 gold pieces.
Found 3 viscous amethyst potions.
A centaur comes into view.
The ice beast hits you. The ice beast freezes you!
The centaur shouts!
You hit the ice beast. Your squeeze misses the ice beast.
The ice beast is lightly wounded.
You hear a shout!
The ice beast hits you. The ice beast freezes you!
* * * LOW HITPOINT WARNING * * *
Throw: 17 darts (poison)
Press: ? - help, Q - select action, (/) - cycle Shift-Dir - straight line, f - ice beast
Aim: an ice beast (lightly wounded, 60% to hit)
You throw a poisoned dart. The poisoned dart hits the ice beast.
The ice beast is lightly wounded.
The ice beast barely misses you.
You feel much better. The ice beast hits you. The ice beast freezes you!
You float gracefully downwards.
The +11 mace of Doom {freeze, Fly Will+ Str+2 Stlth+} stops glowing.
You feel a sense of dread.
j - the +2 dagger "Enea" (weapon)
{vamp, Stlth+} You hit the ice beast.
You feel better.
You squeeze the ice beast.
The ice beast is moderately wounded.
The centaur hits you. The centaur barely misses you.
The ice beast closely misses you.
You hit the ice beast but do no damage.
The ice beast is moderately wounded.
The centaur hits you.
* * * LOW HITPOINT WARNING * * *
The centaur kicks you.
* * * LOW HITPOINT WARNING * * *
The ice beast hits you.
* * * LOW HITPOINT WARNING * * *
The ice beast freezes you!
You die...

##. ### ###..## ...##
....... ....# .#.....
.....# ....... .∩....
.......#######......#
.......c............##
!......Y@.$....<.....#
.....................#
.....................# #
##...................#
## #..................#
#. #..................#
##.
#.................####..
#......##.......#).##..#
.... ##.#######....##


You could see an ice beast and a centaur.

Vanquished Creatures
  Menkaure (D:4)
  An ogre (D:5)
  A necrophage (D:3)
  A crimson imp (D:4)
  4 hounds
  An iguana (D:5)
  A hell rat (Sewer)
  Terence (D:3)
  5 river rats
  6 adders
  A white imp (D:4)
  An ufetubus (D:4)
  2 worms
  5 dart slugs
  10 orcs
  6 ball pythons
  7 bats
  4 endoplasms
  8 giant cockroaches
  6 goblins
  7 hobgoblins
  2 jackals (D:2)
  5 quokkas
  3 frilled lizards
  11 kobolds
  8 rats
108 creatures vanquished.

Notes
Turn   | Place    | Note
-------+----------+-------------------------------------------
     0 | D:1      | masschaos23 the Octopode Brigand began the quest for the
                  | Orb.
     0 | D:1      | Reached XP level 1. HP: 14/14 MP: 1/1
   269 | D:1      | Reached XP level 2. HP: 17/19 MP: 2/2
   386 | D:1      | Reached skill level 6 in Stealth
   440 | D:1      | You fall into a shaft and drop 1 floor!
   611 | D:2      | Reached XP level 3. HP: 24/24 MP: 3/3
   712 | D:2      | Identified the +2 dagger "Enea" {vamp, Stlth+}
  1653 | D:1      | Reached skill level 7 in Stealth
  2016 | D:3      | Reached XP level 4. HP: 29/29 MP: 4/4
  2061 | D:3      | Found a glowing drain.
  2066 | Sewer    | Entered a sewer
  2111 | Sewer    | Reached XP level 5. HP: 34/34 MP: 5/5
  2154 | Sewer    | Reached skill level 8 in Stealth
  2315 | D:3      | Noticed Terence
  2323 | D:3      | Killed Terence
  2391 | D:3      | Reached XP level 6. HP: 24/39 MP: 6/6
  2558 | D:3      | Identified the +11 mace of Doom {freeze, Fly Will+ Str+2
                  | Stlth+}
  2630 | D:3      | Found a faded altar of an unknown god.
  3070 | D:4      | Noticed Menkaure
  3079 | D:4      | Killed Menkaure
  3080 | D:4      | Reached skill level 9 in Stealth
  3451 | D:4      | Found an ornate altar of the Wu Jian Council.
  3763 | D:4      | Reached skill level 1 in Maces & Flails
  3763 | D:4      | Reached XP level 7. HP: 45/45 MP: 7/7
  4208 | D:5      | Entered Level 5 of the Dungeon
  4251 | D:5      | Found Axytusko's Weapon Shoppe.
  4451 | D:5      | Found Lajiha's Assorted Antiques.
  4470 | D:5      | Mangled by an ice beast

Illustrated notes

Levels and vault maps discovered:
D:1:      eino_arrival_water_star, layout_loops_corners
D:2:      layout_loops_corners
D:3:      layout_rooms, gup_sewer_entry_spiral,
          dreamdust_ecumenical_altar_angels_and_demons, uniq_terence
D:4:      layout_gridville, nicolae_wu_jian_wuxing_cycle,
          minmay_fire_ice_demons, uniq_menkaure
D:5:      layout_cave_pods, serial_shops, nicolae_shop_bloodbath_and_beyond,
          kennysheep_little_box, shop, shop,
          lightli_ossuary_entry_decrepit_ruins, minmay_misc_feat_iff,
          st_stairs_3, uniq_edmund

Skill      XL: |  1  2  3  4  5  6  7 |
---------------+----------------------+-----
Stealth        | 6 7 8 9 |  9.7
Short Blades   | 3 |  3.7
Dodging        | 2 |  2.1
Maces & Flails | 1 2 |  2.6
Throwing       | 3 |  3.1
Fighting       | |  2.9

Action                   |  1- 3 |  4- 6 |  7- 9 || total
-------------------------+-------+-------+-------++-------
Melee: Dagger            |    74 |    51 |     2 ||   127
       Constrict         |    23 |    16 |     6 ||    45
       Tentacles         |    15 |     8 |     7 ||    30
       Mace              |       |    28 |    29 ||    57
Throw: Dart              |     3 |    21 |    12 ||    36
  Use: Scroll            |       |     1 |     1 ||     2
       Potion            |       |       |     2 ||     2
 Stab: Sleeping          |    15 |    14 |     8 ||    37
Armor: Skin              |     2 |     1 |     1 ||     4
Dodge: Dodged            |    31 |    30 |    16 ||    77
